 Dungeon Crawl Stone Soup version 0.30-a0-374-g95c0257040 (webtiles) character file.

Game seed: 7871737163112303579

307 pokeman the Magician (level 6, -2/34 HPs)
             Began as a Deep Elf Hedge Wizard on Nov 26, 2022.
             Killed by nerve-wracking pain
             ... invoked by a shadow imp
              (9 damage)
             ... on level 4 of the Dungeon.
             The game lasted 00:06:07 (3311 turns).

pokeman the Magician (Deep Elf Hedge Wizard)        Turns: 3311, Time: 00:06:08

Health: -2/34      AC:  5    Str:  7    XL:     6   Next: 16%
Magic:  6/17       EV: 12    Int: 21    God:
Gold:   164        SH:  0    Dex: 14    Spells: 10/18 levels left

rFire   . . .      SeeInvis .    t - +4 club (spect)
rCold   . . .      Faith    .    (no shield)
rNeg    . . .      Spirit   .    n - +0 leather armour
rPois   +          Reflect  .    u - +1 helmet
rElec   .          Harm     .    (no cloak)
rCorr   .          Rampage  .    (no gloves)
Will    .....                    (no boots)
Stlth   ++........               (no amulet)
HPRegen 0.25/turn                r - ring of poison resistance
MPRegen 0.15/turn                w - +4 ring of slaying

@: no status effects
A: no striking features
a: no special abilities


You were on level 4 of the Dungeon.
You visited 1 branch of the dungeon, and saw 4 of its levels.

You collected 164 gold pieces.

Inventory:

Hand Weapons
 t - a +4 spectral club (weapon)
Armour
 a - an orb of energy
 n - a +0 leather armour (worn)
 u - a +1 helmet (worn)
Jewellery
 r - a ring of poison resistance (left hand)
 w - a +4 ring of slaying (right hand)
Wands
 s - a wand of roots (4)
Scrolls
 c - a scroll of enchant weapon {unknown}
 e - 7 scrolls of identify {unknown}
 g - a scroll of vulnerability {unknown}
 h - a scroll of butterflies {unknown}
 i - a scroll of noise {unknown}
 k - 2 scrolls of enchant armour {unknown}
 l - a scroll of summoning {unknown}
 o - a scroll of fear {unknown}
 v - 3 scrolls of blinking {unknown}
Potions
 b - 2 potions of curing {unknown}
 d - a potion of magic
 f - 2 potions of resistance {unknown}
 j - 2 potions of heal wounds {unknown}
 m - 2 potions of lignification {unknown}
 p - a potion of haste {unknown}
 q - a potion of flight {unknown}


   Skills:
 - Level 1.4 Fighting
 - Level 1.0 Armour
 - Level 3.0 Dodging
 - Level 3.1 Stealth
 * Level 6.8 Spellcasting
 + Level 3.1 Conjurations
 - Level 1.1 Summonings
 - Level 1.1 Translocations
 + Level 0.4 Air Magic
 + Level 0.5 Poison Magic
 - Level 1.1 Evocations


You had 10 spell levels left.
You knew the following spells:

 Your Spells              Type           Power      Damage    Failure   Level
a - Magic Dart            Conj           80%        1d7       3%          1
b - Mephitic Cloud        Conj/Pois/Air  12%        N/A       22%         3
c - Call Imp              Summ           11%        N/A       13%         2
d - Blink                 Tloc           22%        N/A       13%         2

Your spell library contained the following spells:

 Spells                   Type           Power      Damage    Failure   Level
 Slow                     Hex            28%        N/A       13%         1
 Cigotuvi's Dreadful Rot  Necr/Pois/Air  16%        N/A       17%         2
 Sublimation of Blood     Necr           7%         N/A       21%         2
 Wereblood                Tmut           7%         N/A       21%         2
 Summon Hydra             Summ           5%         N/A       100%        7


Dungeon Overview and Level Annotations

Branches:
Dungeon (4/15)
 Temple: D:4-7

Altars:
Cheibriados
Kikubaaqudgha
Uskayaw


Message History

Confirm with . or Enter, or press ? or * to list all spells.
Aiming: Magic Dart (safe; 3% risk of failure)
Press: ? - help, Shift-Dir - straight line, f - shadow imp
Aim: a shadow imp (wandering, hasn't noticed you, 100% to hit)
The magic dart hits the shadow imp.
The shadow imp is moderately wounded.
The shadow imp shouts!
Casting: Magic Dart (safe; 3% risk of failure)
Confirm with . or Enter, or press ? or * to list all spells.
Aiming: Magic Dart (safe; 3% risk of failure)
Press: ? - help, Shift-Dir - straight line, f/p - shadow imp
Aim: a shadow imp (moderately wounded, 100% to hit)
The magic dart hits the shadow imp.
The shadow imp is severely wounded.
Casting: Magic Dart (safe; 3% risk of failure)
Confirm with . or Enter, or press ? or * to list all spells.
Aiming: Magic Dart (safe; 3% risk of failure)
Press: ? - help, Shift-Dir - straight line, f/p - shadow imp
Aim: a shadow imp (severely wounded, 100% to hit)
The magic dart hits the shadow imp.
The shadow imp is almost dead.
Casting: Magic Dart (safe; 3% risk of failure)
Confirm with . or Enter, or press ? or * to list all spells.
Aiming: Magic Dart (safe; 3% risk of failure)
Press: ? - help, Shift-Dir - straight line, f/p - shadow imp
Aim: a shadow imp (almost dead, 100% to hit)
The magic dart hits the shadow imp but does no damage.
The shadow imp is almost dead.
The shadow imp gestures at you.
You struggle to resist.
Casting: Magic Dart (safe; 3% risk of failure)
Confirm with . or Enter, or press ? or * to list all spells.
Aiming: Magic Dart (safe; 3% risk of failure)
Press: ? - help, Shift-Dir - straight line, f/p - shadow imp
Aim: a shadow imp (almost dead, 100% to hit)
The magic dart hits the shadow imp.
The shadow imp is almost dead.
The shadow imp gestures at you. Pain shoots through your body!
You die...

..♣...#.#
####.....#.#
..........###
##.5......[.###
#.............
............#
.#.##..†.#...#
.......@.#...#
...>[.†......###
##..#.#.........#
#. #$#†###.###.# #
#.# #.# # #.# #.#
#.#.###.#
#..#.....#.##.#...
..........†........


You could see a shadow imp.

Vanquished Creatures
  A scorpion (D:4)
  2 quasits (D:4)
  An iguana (D:4)
  A gnoll (D:1)
  An adder (D:2)
  2 shadow imps (D:4)
  3 white imps (D:4)
  An ufetubus (D:4)
  A dart slug (D:3)
  3 orcs (D:3)
  4 ball pythons
  9 endoplasms
  4 giant cockroaches
  7 hobgoblins
  6 jackals
  2 quokkas
  3 bats
  5 frilled lizards
  11 goblins
  5 kobolds
  5 rats
77 creatures vanquished.

Vanquished Creatures (collateral kills)
  Robin (D:3)
  A goblin (D:3)
2 creatures vanquished.

Vanquished Creatures (others)
  A demonic plant (D:4)
  2 fungi (D:2)
  A plant (D:2)
4 creatures vanquished.

Grand Total: 83 creatures vanquished

Notes
Turn   | Place    | Note
-------+----------+-------------------------------------------
     0 | D:1      | pokeman the Deep Elf Hedge Wizard began the quest for the
                  | Orb.
     0 | D:1      | Reached XP level 1. HP: 10/10 MP: 7/7
   178 | D:1      | Reached XP level 2. HP: 16/16 MP: 6/9
   833 | D:1      | Reached skill level 5 in Spellcasting
   865 | D:1      | Reached XP level 3. HP: 20/20 MP: 5/11
   869 | D:1      | Learned a level 3 spell: Mephitic Cloud
   872 | D:1      | Learned a level 2 spell: Call Imp
   875 | D:1      | Learned a level 2 spell: Blink
  1355 | D:2      | Found a faded altar of an unknown god.
  1407 | D:2      | Reached skill level 1 in Armour
  1585 | D:2      | Reached skill level 1 in Fighting
  1839 | D:2      | Found an ancient bone altar of Kikubaaqudgha.
  2419 | D:3      | Found a hide-covered altar of Uskayaw.
  2519 | D:3      | Reached XP level 4. HP: 23/25 MP: 8/13
  2564 | D:3      | Noticed Robin
  2589 | D:3      | Killed Robin
  2986 | D:3      | Found a snail-covered altar of Cheibriados.
  3126 | D:4      | Reached skill level 6 in Spellcasting
  3129 | D:4      | Reached XP level 5. HP: 29/29 MP: 10/15
  3274 | D:4      | Reached skill level 1 in Evocations
  3297 | D:4      | Reached XP level 6. HP: 10/34 MP: 9/17
  3311 | D:4      | Killed from afar by a shadow imp

Illustrated notes

Levels and vault maps discovered:
D:1:      grunt_arrival_crossed_arrows, layout_basic, nicolae_grassy_gnolls
D:2:      layout_loops_corners, basic_altar,
          shapermc_ecumenical_altar_mp_urbaneastern
D:3:      layout_basic, mainiacjoe_overflow_alcove_1,
          nicolae_uskayaw_dance_hall, serial_shops,
          nicolae_shop_temple_entry_statues_fountains, minmay_misc_feat_roman,
          uniq_robin
D:4:      layout_loops_ring, serial_demonic, serial_demonic_a, serial_demonic_d,
          serial_demonic_b, serial_demonic_c, serial_demonic_a,
          serial_demonic_a, serial_demonic_a, hangedman_decor_lopped,
          nzn_random_ring

Skill      XL: |  1  2  3  4  5 |
---------------+----------------+-----
Spellcasting   | 5 6 |  6.8
Armour         | 1 |  1.0
Fighting       | 1 |  1.4
Conjurations   | 2 3 |  3.1
Dodging        | 3 |  3.0
Stealth        | 3 |  3.1
Evocations     | 1 |  1.1
Summonings     | |  1.1
Translocations | |  1.1
Air Magic      | |  0.4
Poison Magic   | |  0.5

Action                   |  1- 3 |  4- 6 || total
-------------------------+-------+-------++-------
Melee: Dagger            |    30 |    17 ||    47
       Club              |       |    32 ||    32
 Cast: Magic Dart        |   107 |    43 ||   150
       Call Imp          |     1 |     1 ||     2
       Mephitic Cloud    |       |     3 ||     3
 Stab: Confused          |       |     1 ||     1
Armor: Robe              |    12 |       ||    12
       Leather armour    |       |    19 ||    19
Dodge: Dodged            |    26 |    31 ||    57

Table legend: (Time is in decaauts)
 A = Elapsed time spent in this place.
 B = Non-inter-level travel time spent in this place.
 C = Inter-level travel time spent in this place.
 D = Time resting spent in this place.
 E = Time spent auto-exploring this place.
 F = Levels seen in this place.
 G = Mean time per level.
                   A        B        C        D        E       F      G
               +--------+--------+--------+--------+--------+-----+--------+
         Total |   3317 |   3214 |    103 |     28 |   2709 |   4 |  829.2 |
       Dungeon |   3317 |   3214 |    103 |     28 |   2709 |   4 |  829.2 |
               +--------+--------+--------+--------+--------+-----+--------+

Top non-repeatable levels by time:
     D:1: 1277 daAuts
     D:2: 1063 daAuts
     D:3: 772 daAuts
     D:4: 204 daAuts
